 Dungeon Crawl Stone Soup version 0.18-a0-596-g6468885 (webtiles) character file.

332 4thArraOfDagon the Sneak (level 6, 0/28 HPs)
             Began as a Felid Fighter on Dec 3, 2015.
             Slain by an orc
             ... wielding a +0 falchion
              (9 damage)
             ... on level 6 of the Dungeon.
             The game lasted 00:04:01 (826 turns).

4thArraOfDagon the Sneak (Felid Fighter)             Turns: 826, Time: 00:04:01

Health: 0/28       AC:  2    Str: 12    XL:     6   Next: 26%
Magic:  7/7        EV: 21    Int: 10    God:
Gold:   48         SH:  0    Dex: 17    Spells: 0 memorised, 5 levels left
                                        Lives:  0   Deaths: 1

rFire  . . .     SeeInvis +       - Unarmed
rCold  . . .     Clarity  .     (armour unavailable)
rNeg   . . .     SustAt   .     (shield unavailable)
rPois  .         Gourm    .     (helmet unavailable)
rElec  .         Spirit   .     (cloak unavailable)
rCorr  .         Dismiss  .     (gloves unavailable)
rMut   .         Stasis   .     (boots unavailable)
MR     .....                    (no amulet)
Stlth  ++++......               (no ring)
                                (no ring)

@: quick, not resistant to hostile enchantments, stealthy
A: no armour, no weapons or thrown items, claws 1, fangs 3, see invisible,
carnivore 3, speed 1, shaggy fur 2, slow metabolism 1, sharp paws
a: no special abilities


You were on level 6 of the Dungeon.
You were very full.

You visited 1 branch of the dungeon, and saw 8 of its levels.

You collected 48 gold pieces.

Inventory:

Wands
 a - a wand of cold (8)
Scrolls
 e - a scroll of enchant armour {unknown}
Potions
 d - a potion of lignification {unknown}
Books
 c - a book of Callings

   Spells                             Type                      Level
   a - Summon Small Mammal            Summoning                    1
   b - Call Imp                       Summoning                    2
   c - Call Canine Familiar           Summoning                    3
   d - Summon Guardian Golem          Hexes/Summoning              3
   e - Summon Lightning Spire         Summoning/Air                4
   f - Summon Ice Beast               Ice/Summoning                4
Comestibles
 b - 3 meat rations


   Skills:
 + Level 4.1 Fighting
 + Level 5.4 Dodging
 * Level 6.0 Stealth
 * Level 5.9 Unarmed Combat


You had 5 spell levels left.
You didn't know any spells.

Dungeon Overview and Level Annotations

Branches:
Dungeon (8/15)
 Temple: D:4-7         Lair: D:8-11

Altars:
Dithmenos
Fedhas


Innate Abilities, Weirdness & Mutations

You cannot wear armour.
You are incapable of wielding weapons or throwing items.
You have sharp claws.
You have razor-sharp teeth.
You have supernaturally acute eyesight.
You are carnivorous and can eat meat at any time.
You cover ground quickly.
You are covered in thick fur (AC +2).
You have a slow metabolism.
Your sharp claws are effective at attacking unaware monsters.


Message History

You are too injured to fight recklessly!
You are too injured to fight recklessly!
You scratch the centaur zombie but do no damage.
You bite the centaur zombie. The centaur zombie misses you.
You scratch the centaur zombie but do no damage.
You bite the centaur zombie. The centaur zombie closely misses you.
You scratch the centaur zombie. The centaur zombie closely misses you.
You claw the centaur zombie!
You destroy the centaur zombie!
Your Stealth skill increases to level 6!
You scratch the orc.
You kill the orc!
The jackal completely misses you. The orc completely misses you.
Things that are here:
a flail; a leather armour Unknown command.
You scratch the orc.
The orc is lightly wounded.
The jackal misses you. The orc hits you with a falchion!
You die...

... .# ( #
###.### ..#
..
#.#.....#...#
..#
#.#.....#...#
...
#..........#
### #...>.# #
#.....#
#.###h###..#
#...@o.....#
######..(..#
######


You could see an orc and a jackal.

Vanquished Creatures
  Sigmund (D:5)
  A giant frog (D:7)
  A scorpion (D:7)
  A crimson imp (D:6)
  A centaur zombie (D:6)
  An orc priest (D:7)
  A hound (D:7)
  A hound zombie (D:7)
  A worker ant zombie (D:5)
  3 adders
  2 shadow imps
  8 orcs
  3 giant cockroaches
  A goblin (D:3)
  5 jackals
  2 kobolds (D:2)
  A ball python (D:3)
  2 giant newts
  2 rats
38 creatures vanquished.

Notes
Turn   | Place    | Note
--------------------------------------------------------------
     0 | D:1      | 4thArraOfDagon the Felid Fighter began the quest for the Orb.
     0 | D:1      | Reached XP level 1. HP: 10/10 MP: 2/2
    34 | D:2      | Reached skill level 1 in Stealth
   142 | D:3      | Reached XP level 2. HP: 7/14 MP: 3/3
   234 | D:4      | Found a blossoming altar of Fedhas.
   248 | D:5      | Entered Level 5 of the Dungeon
   260 | D:5      | Noticed Sigmund
   271 | D:5      | Reached XP level 3. HP: 4/17 MP: 4/4
   300 | D:5      | Killed Sigmund
   300 | D:5      | Reached skill level 5 in Unarmed Combat
   300 | D:5      | Reached XP level 4. HP: 21/21 MP: 5/5
   300 | D:5      | Reached XP level 5. HP: 24/24 MP: 6/6
   323 | D:5      | Found a shadowy altar of Dithmenos.
   432 | D:6      | Reached skill level 5 in Dodging
   487 | D:7      | Reached skill level 5 in Stealth
   487 | D:7      | Gained mutation: You are covered in thick fur (AC +2). [Felid growth]
   487 | D:7      | Reached XP level 6. HP: 11/28 MP: 7/7
   622 | D:7      | HP: 1/28 [poisoned by a scorpion]
   646 | D:7      | Mangled by an ogre
   647 | D:7      | Reached XP level 5. HP: -13/25 MP: 6/6
   748 | D:7      | Reached XP level 6. HP: 17/28 MP: 7/7
   823 | D:6      | Reached skill level 6 in Stealth
   826 | D:6      | Slain by an orc

Vault maps used:
D:1:      dpeg_arrival_castle, solitary_fountain
D:2:      uniq_natasha, uniq_robin, uniq_iyjb
D:3:      cheibriados_altar_wand_db
D:4:      kennysheep_the_goblin_king, nicolae_tso_besieged_by_evil,
          fedhas_altar_1, minmay_temple_entry_large_hall, first_bread,
          uniq_edmund, uniq_duvessa
D:5:      lemuel_round_altar, uniq_sigmund
D:6:      okawaru_ov_weapons_minmay, grunt_ministairs_15, st_stairs_3
D:7:      serial_shops, nicolae_shop_stone, the_bakery
D:8:      old_standard_altar, johnstein_pakellas_dig

Action                   |  1- 3 |  4- 6 || total
-------------------------+-------+-------++-------
Melee: Unarmed           |    35 |   117 ||   152
  Use: Potion            |     5 |     3 ||     8
 Stab: Sleeping          |     2 |     4 ||     6
  Eat: Chunk             |     5 |     5 ||    10
